 Dungeon Crawl Stone Soup version 0.29.0-13-gc9e81de378 (webtiles) character file.

Game seed: 18123001758228160004

136 groovy9 the Chopper (level 4, -1/39 HPs)
             Began as a Minotaur Fighter on Sept 9, 2022.
             Frozen to death by an endoplasm (4 damage)
             ... on level 3 of the Dungeon.
             The game lasted 00:05:18 (2572 turns).

groovy9 the Chopper (Minotaur Fighter)              Turns: 2572, Time: 00:05:19

Health: -1/39      AC:  5    Str: 23    XL:     4   Next: 98%
Magic:  3/3        EV:  9    Int:  5    God:
Gold:   144        SH:  4    Dex:  9    Spells: 3/3 levels left

rFire   . . .      SeeInvis .   a - +0 war axe
rCold   . . .      Faith    .   c - +0 buckler
rNeg    . . .      Spirit   .   b - +0 scale mail
rPois   +          Reflect  .   (helmet restricted)
rElec   .          Harm     .   (no cloak)
rCorr   .          Rampage  .   (no gloves)
Will    .....                   f - +0 pair of boots
Stlth   ..........              (no amulet)
HPRegen 0.13/turn               (no ring)
MPRegen 0.08/turn               (no ring)

@: no status effects
A: horns 2, retaliatory headbutt, talons 1, deformed body, poison resistance
a: no special abilities


You were on level 3 of the Dungeon.
You visited 1 branch of the dungeon, and saw 3 of its levels.

You collected 144 gold pieces.

Inventory:

Hand Weapons
 a - a +0 war axe (weapon)
Armour
 b - a +0 scale mail (worn)
 c - a +0 buckler (worn)
 f - a +0 pair of boots (worn)
Potions
 d - a potion of might
 e - a potion of ambrosia
 g - a potion of flight
 h - a potion of curing


   Skills:
 - Level 3.6 Fighting
 + Level 6.3 Axes
 - Level 3.6 Armour
 - Level 3.6 Shields


You had 3 spell levels left.
You didn't know any spells.
Your spell library was empty.

Dungeon Overview and Level Annotations

Branches:
Dungeon (3/15)

Altars:


Innate Abilities, Weirdness & Mutations

You have a pair of horns on your head.
You reflexively headbutt those who attack you in melee.
You have sharp toenails.
Armour fits poorly on your strangely shaped body.
Your system is resistant to poisons. (rPois)


Message History

There is a stone staircase leading up here.
The ball python hisses angrily.
An endoplasm comes into view.
You barely miss the orc priest.
The endoplasm quivers.
Your headbutt misses the orc priest. The orc priest closely misses you.
You hit the orc priest but do no damage.
The orc priest hits you with a +0 mace. You block the ball python's attack.
The ball python grabs you. The ball python constricts you.
You slash the ball python!
You kill the ball python!
You closely miss the orc priest. The orc priest hits you with a +0 mace.
You are too injured to fight recklessly!
You are too injured to fight recklessly!
You are too injured to fight recklessly!
You are too injured to fight recklessly!
You are too injured to fight recklessly!
You are too injured to fight recklessly!
You are too injured to fight recklessly!
You are too injured to fight recklessly!
You are too injured to fight recklessly!
You are too injured to fight recklessly!
You hit the orc priest.
The orc priest is moderately wounded.
The orc priest calls down the wrath of Beogh upon you.
Pain shoots through your body!
You hit the orc priest.
You headbutt the orc priest, but do no damage.
The orc priest is severely wounded.
The orc priest hits you with a +0 mace.
The orc priest hits you but does no damage.
You barely miss the orc priest.
The orc priest is severely wounded.
You hit the endoplasm but do no damage.
The orc priest invokes the aid of Beogh against you.
Beogh smites you!
* * * LOW HITPOINT WARNING * * *
The endoplasm freezes you.
You are frozen.
You die...

#........
#........
#........
#........
#........
#........
#........
#<......?
#@.......
#oJ.[....
#.######.
#.# ...
#.# #..
#.#


You could see an orc priest and an endoplasm.

Vanquished Creatures
  6 adders (D:2)
  A worm (D:2)
  4 dart slugs
  2 orcs (D:2)
  4 bats (D:1)
  5 endoplasms
  2 giant cockroaches
  5 goblins
  7 hobgoblins
  6 jackals
  9 ball pythons
  2 frilled lizards
  6 kobolds
  10 rats
  A bush (D:1)
70 creatures vanquished.

Vanquished Creatures (others)
  A fungus (D:1)
  17 plants (D:1)
18 creatures vanquished.

Grand Total: 88 creatures vanquished

Notes
Turn   | Place    | Note
-------+----------+-------------------------------------------
     0 | D:1      | groovy9 the Minotaur Fighter began the quest for the Orb.
     0 | D:1      | Reached XP level 1. HP: 19/19 MP: 0/0
    93 | D:1      | Reached skill level 3 in Axes
   160 | D:1      | Reached XP level 2. HP: 21/26 MP: 1/1
   380 | D:1      | Reached skill level 4 in Axes
   498 | D:1      | Reached XP level 3. HP: 30/31 MP: 2/2
  1021 | D:1      | Found a faded altar of an unknown god.
  1173 | D:1      | Gained mutation: Your system is resistant to poisons.
                  | (rPois) [potion of mutation]
  1173 | D:1      | Gained mutation: Armour fits poorly on your strangely
                  | shaped body. [potion of mutation]
  1173 | D:1      | Gained mutation: You have sharp toenails. [potion of
                  | mutation]
  1383 | D:2      | Reached skill level 5 in Axes
  1551 | D:2      | Reached XP level 4. HP: 38/39 MP: 3/3
  2119 | D:2      | Reached skill level 6 in Axes
  2572 | D:3      | Frozen to death by an endoplasm

Illustrated notes

Levels and vault maps discovered:
D:1:      minmay_arrival_split_and_join, layout_loops_corners, serial_forest,
          infiniplex_forest_clump_curved, infiniplex_forest_straight_2,
          infiniplex_forest_lined_3_way, infiniplex_forest_lined_corner,
          infiniplex_forest_end_2, infiniplex_forest_clump_small,
          infiniplex_forest_zigzag_2, infiniplex_forest_fountain,
          infiniplex_forest_clump_medium, infiniplex_forest_clump_medium,
          shapermc_ecumenical_altar_mp_ritualfount
D:2:      layout_basic, roderic_three_in_a_row
D:3:      minmay_bubble_buster, layout_basic, mainiacjoe_overflow_brackets

Skill      XL: |  1  2  3  4 |
---------------+-------------+-----
Axes           | 3 4 5 6 |  6.3
Fighting       | |  3.6
Armour         | |  3.6
Shields        | |  3.6

Action                   |  1- 3 |  4- 6 || total
-------------------------+-------+-------++-------
Melee: War axe           |   143 |    37 ||   180
       Headbutt          |    25 |     6 ||    31
  Use: Potion            |     3 |     1 ||     4
       Scroll            |     1 |     4 ||     5
Armor: Scale mail        |    43 |    11 ||    54
Dodge: Dodged            |    63 |    17 ||    80
Block: Buckler           |    21 |     5 ||    26
